 Dungeon Crawl Stone Soup version 0.32-a0-22-g6ae6769602 (webtiles) character file.

Game seed: 17874543350436442013

38 MacCMillion the Shield-Bearer (level 3, -2/29 HPs)
             Began as a Formicid Fighter on Jan 18, 2024.
             Slain by a cerulean imp
             ... wielding a +1 spear
             ... summoned by Natasha
              (4 damage)
             ... on level 2 of the Dungeon.
             The game lasted 00:01:06 (961 turns).

MacCMillion the Shield-Bearer (Formicid Fighter)     Turns: 961, Time: 00:01:06

Health: -2/29      AC: 11    Str: 22    XL:     3   Next: 65%
Magic:  3/3        EV:  6    Int:  7    God:
Gold:   123        SH:  5    Dex: 13    Spells: 2/2 levels left

rFire   . . .        a - +0 war axe
rCold   . . .        c - +0 buckler
rNeg    . . .        f - +0 plate armour
rPois   .            (helmet unavailable)
rElec   .            (no cloak)
rCorr   .            (no gloves)
SInv    +            (no boots)
Will    .....        (no amulet) Stlth
                     (no ring)
HPRegen 0.24/turn    (no ring)
MPRegen 0.08/turn

%: no passive effects
@: mighty
A: permanent stasis, dig shafts and tunnels, antennae 3, four strong arms
a: Dig, Shaft Self


You were on level 2 of the Dungeon.
You visited 1 branch of the dungeon, and saw 2 of its levels.

You collected 123 gold pieces.

Inventory:

Hand Weapons
 a - a +0 war axe (weapon)
Armour
 b - a +0 scale mail
 c - a +0 buckler (worn)
 f - a +0 plate armour (worn)
Scrolls
 e - 4 scrolls of enchant weapon {unknown}
 h - a scroll of revelation {unknown}
 i - a scroll of fear {unknown}
 j - 2 scrolls of blinking {unknown}
Potions
 g - 2 potions of curing {unknown}
 k - a potion of heal wounds {unknown}


   Skills:
 - Level 3.2 Fighting
 + Level 3.7 Axes
 - Level 3.2 Armour
 - Level 4.0 Shields


You had 2 spell levels left.
You didn't know any spells.
Your spell library contained the following spells:

 Spells                   Type           Power      Damage    Failure   Level
 Freeze                   Ice            0%         1d3       100%        1
 Frozen Ramparts          Ice            0%         1d1       100%        3
 Hailstorm                Conj/Ice       0%         3d5       100%        3


Dungeon Overview and Level Annotations

Branches:
Dungeon (2/15)

Altars:

Annotations:
D:2 Natasha


Innate Abilities, Weirdness & Mutations

You cannot be hasted, slowed, berserked, paralysed or teleported.
You can dig through walls and to a lower floor.
You have a pair of large antennae on your head. (SInv)
Your four strong arms can wield two-handed weapons with a shield.


Message History

A gnoll comes into view. It is wielding a +0 spear.
You block the bat's attack.
The gnoll shouts! x2
You slash the bat!
You kill the bat!
Natasha stares at you and mumbles some strange words.
The magic dart hits you but does no damage.
Found 16 gold pieces.
The gnoll hits you from afar with a +0 halberd!
Natasha stares at you and mumbles some strange words.
The magic dart hits you.
Natasha mumbles some strange words.
Natasha glows brightly for a moment.
Natasha casts a spell at you.
The magic dart hits you but does no damage.
The gnoll attacks as it pursues you!
The gnoll hits you from afar with a +0 halberd.
Natasha mumbles some strange words.
The gnoll attacks as it pursues you! The gnoll closely misses you.
The gnoll attacks as it pursues you!
The gnoll hits you from afar with a +0 halberd!
* * * LOW HITPOINT WARNING * * *
Natasha casts a spell.
The gnoll attacks as it pursues you! You block the gnoll's attack.
The gnoll attacks as it pursues you! The gnoll hits you but does no damage.
The gnoll attacks as it pursues you! The gnoll hits you but does no damage.
Natasha mumbles some strange words.
The gnoll attacks as it pursues you! The gnoll hits you but does no damage.
The gnoll attacks as it pursues you! The gnoll hits you but does no damage.
The gnoll attacks as it pursues you! The gnoll completely misses you.
You feel very mighty all of a sudden.
The gnoll hits you from afar with a +0 halberd.
* * * LOW HITPOINT WARNING * * *
The cerulean imp hits you but does no damage.
The gnoll hits you with a +0 halberd.
* * * LOW HITPOINT WARNING * * *
You slash the gnoll!
The gnoll is severely wounded.
The cerulean imp hits you from afar with a +1 spear.
You die...

#.........# #. . ...##..#... #.#
#. .......... { #.. ,$.
....####### .####.###g#
....#.....# .......#g..
..........# #.#.{{#. .#.##.#...#
#...#{..
..#..#....#################.###{#
.#.##.#....(....@g5h5gg......# ..
.#.##.#...##############g#.#...#.
..#..#....# #..5..#...
.#.##.#...# ##########
..........# ..######### ###


You could see Natasha, 3 gnolls and 2 cerulean imps.

Vanquished Creatures
  2 adders (D:2)
  4 bats
  3 endoplasms
  2 goblins
  A hobgoblin (D:2)
  A jackal (D:2)
  A quokka (D:2)
  2 ball pythons (D:2)
  2 frilled lizards (D:1)
  A rat (D:1)
19 creatures vanquished.

Notes
Turn   | Place    | Note
-------+----------+-------------------------------------------
     0 | D:1      | MacCMillion the Formicid Fighter began the quest for the
                  | Orb.
     0 | D:1      | Reached XP level 1. HP: 18/18 MP: 1/1
   291 | D:1      | Reached XP level 2. HP: 18/24 MP: 2/2
   750 | D:2      | Reached XP level 3. HP: 29/29 MP: 3/3
   939 | D:2      | Noticed Natasha
   961 | D:2      | Slain by a cerulean imp

Illustrated notes

Levels and vault maps discovered:
D:1:      lightli_arrival_statuegarden, layout_loops_ring
D:2:      layout_rooms, minmay_misc_feat_four_crosses, minmay_small_reverse_x,
          uniq_natasha

Skill      XL: |  1  2 |
---------------+-------+-----
Axes           | 3 |  3.7
Fighting       | |  3.2
Armour         | |  3.2
Shields        | |  4.0

Action                     || total
---------------------------++-------
  Melee: War axe           ||    56
Ability: Dig               ||     1
    Use: Potion            ||     1
 Armour: Plate armour      ||    80
         Scale mail        ||     8
  Dodge: Dodged            ||    24
  Block: Buckler           ||    25

Table legend: (Time is in decaauts)
 A = Elapsed time spent in this place.
 B = Non-inter-level travel time spent in this place.
 C = Inter-level travel time spent in this place.
 D = Time resting spent in this place.
 E = Time spent auto-exploring this place.
 F = Levels seen in this place.
 G = Mean time per level.
                   A        B        C        D        E       F      G
               +--------+--------+--------+--------+--------+-----+--------+
         Total |    981 |    971 |     10 |    108 |    678 |   2 |  490.5 |
       Dungeon |    981 |    971 |     10 |    108 |    678 |   2 |  490.5 |
               +--------+--------+--------+--------+--------+-----+--------+

Top non-repeatable levels by time:
     D:1: 682 daAuts
     D:2: 299 daAuts
